 Dungeon Crawl Stone Soup version 0.28.0 (webtiles) character file.

Game seed: 14843943239963779804

22776 Dirian the Fighter (level 12, 0/116 HPs)
             Began as a Minotaur Fighter on Feb 9, 2022.
             Was a Follower of Uskayaw.
             Slain by a vampire mosquito (7 damage)
             ... on level 12 of the Dungeon.
             The game lasted 00:20:57 (11068 turns).

Dirian the Fighter (Minotaur Fighter)              Turns: 11068, Time: 00:20:58

Health: 0/116      AC: 15    Str: 24    XL:     12   Next: 66%
Magic:  15/15      EV: 10    Int:  5    God:    Uskayaw [*.....]
Gold:   1717       SH:  6    Dex: 18    Spells: 11/11 levels left

rFire   . . .      SeeInvis .   e - +1 scimitar (flame)
rCold   + . .      Faith    .   c - +0 buckler
rNeg    . . .      Spirit   .   A - +0 chain mail
rPois   .          Reflect  .   (helmet restricted)
rElec   .          Harm     .   l - +2 cloak {rCorr}
rCorr   +          Rampage  .   I - +0 pair of gloves
Will    .....                   (no boots)
Stlth   ..........              s - amulet of the acrobat
HPRegen 0.29/turn               J - ring of protection from cold
MPRegen 0.14/turn               z - +6 ring of dexterity

@: hasted, studying 2 skills, very quick
A: horns 2, retaliatory headbutt
a: Renounce Religion, Stomp


You were on level 12 of the Dungeon.
You worshipped Uskayaw.
Uskayaw was noncommittal.
You visited 1 branch of the dungeon, and saw 12 of its levels.
You also visited: Bailey and Ice Cave.

You collected 1717 gold pieces.

Inventory:

Hand Weapons
 a - a +0 long sword of venom
 e - a +1 scimitar of flaming (weapon)
 C - a +4 long sword of freezing
 D - a +2 vorpal long sword
Missiles
 x - 2 throwing nets (quivered)
Armour
 c - a +0 buckler (worn)
 l - a +2 cloak of preservation (worn)
 u - a +0 plate armour
 A - a +0 chain mail (worn)
 G - a scarf of repulsion
 I - a +0 pair of gloves (worn)
Jewellery
 m - a +6 ring of strength
 r - a ring of ice
 s - an amulet of the acrobat (around neck)
 z - a +6 ring of dexterity (right hand)
 B - a ring of protection from fire
 J - a ring of protection from cold (left hand)
Wands
 p - a wand of mindburst (12)
 v - a wand of digging (6)
 y - a wand of charming (8)
 E - a wand of iceblast (8)
 H - a wand of flame (28)
Scrolls
 i - a scroll of immolation
 j - a scroll of holy word
 t - a scroll of teleportation
Potions
 b - 2 potions of brilliance
 d - 4 potions of might
 f - a potion of flight
 g - a potion of ambrosia
 k - a potion of lignification
 n - a potion of resistance
 o - a potion of attraction
 q - 3 potions of curing
 w - a potion of heal wounds
 F - a potion of magic


   Skills:
 + Level 13.9 Fighting
 + Level 13.1 Long Blades
 + Level 7.5 Armour
 - Level 5.0 Dodging
 + Level 7.5 Shields
 * Level 6.6 Invocations
 - Level 8.0 Evocations


You had 11 spell levels left.
You didn't know any spells.
Your spell library contained the following spells:

 Spells                   Type           Power      Damage    Failure   Level
 Blink                    Tloc           0%         N/A       99%         2
 Gell's Gravitas          Tloc           0%         N/A       100%        3
 Lesser Beckoning         Tloc           0%         N/A       100%        3
 Teleport Other           Tloc           0%         N/A       100%        3
 Alistair's Intoxication  Tmut/Pois      0%         N/A       100%        5
 Borgnjor's Vile Clutch   Necr/Erth      0%         N/A       100%        5
 Manifold Assault         Tloc           0%         N/A       100%        5
 Eringya's Noxious Bog    Tmut/Pois      0%         N/A       100%        6
 Storm Form               Tmut/Air       0%         N/A       100%        7


Dungeon Overview and Level Annotations

Branches:
Dungeon (12/15)            Temple (0/1) D:4            Lair (0/6) D:9
 Bailey (visited)           IceCv (visited)
    Orc: D:9-12

Altars:
Cheibriados
Elyvilon
Fedhas
Kikubaaqudgha
Ru
Uskayaw
Vehumet

Shops:
D:4 *   D:5 *   D:10 *   D:11 [


Innate Abilities, Weirdness & Mutations

You have a pair of horns on your head.
You reflexively headbutt those who attack you in melee.


Message History

a +0 giant club; a +0 giant spiked club You are no longer corroded.
You start resting.
A boulder beetle is nearby!
The boulder beetle leaps!
You can no longer pass through a line of other dancers.
The boulder beetle curls into a ball and begins rolling!
The boulder beetle completely misses you.
You furiously retaliate!
You headbutt the boulder beetle.
The boulder beetle stops rolling and uncurls.
You open the door. The boulder beetle bites you!!
* * * LOW HITPOINT WARNING * * *
Found Watabb's Armour Shop.
The boulder beetle closely misses you. You furiously retaliate!
You headbutt the boulder beetle, but do no damage.
There is an open door here.
Okay, then.
You feel yourself speed up.
The boulder beetle bites you but does no damage.
The boulder beetle curls into a ball and begins rolling!
There is an open door here.
The boulder beetle hits you!
* * * LOW HITPOINT WARNING * * *
The boulder beetle stops rolling and uncurls.
The boulder beetle curls into a ball and begins rolling!
There is a stone staircase leading down, spattered with blood here.
You climb downwards.
The gnoll shouts!
Found 23 gold pieces.
There is a stone staircase leading up here.
A gnoll comes into view. It is wielding a +0 spear.
A vampire mosquito comes into view.
The vampire mosquito buzzes angrily.
You hear a roar!
A vampire mosquito comes into view.
The vampire mosquito buzzes angrily.
Found a stone staircase leading down.
You slash the vampire mosquito! You burn the vampire mosquito.
The vampire mosquito is heavily damaged.
The vampire mosquito bites you!
You die...

. # ..# ## ..
.#>#.## ≈≈≈. .....
≈≈≈≈ #...# #≈≈##
...# .
#≈≈..####..##...#
#≈§§..#.#@......#
###§≈§§..yy#.##..##
≈≈§§§.§...####
#.≈§....## .
..#≈≈.....## ..
..#≈≈.....y##...
≈.≈≈§≈..........
..#≈§≈.§.......
≈..#§§.§...#...


You could see 2 vampire mosquitoes.

Vanquished Creatures
  Erica (D:9)
  Erolcha (D:9)
  2 two-headed ogres
  A deep elf pyromancer (D:11)
  A cyclops (D:9)
  An ugly thing (IceCv)
  Joseph (D:9)
  3 ice statues (IceCv)
  Maggie (D:10)
  A freezing wraith (IceCv)
  2 rime drakes (D:11)
  An entropy weaver simulacrum (IceCv)
  An anaconda simulacrum (IceCv)
  A troll (D:10)
  5 yaks (D:10)
  A dire elephant simulacrum (IceCv)
  A shadow (D:10)
  A wyvern (D:9)
  A wraith (D:11)
  2 death yak simulacra (IceCv)
  2 acid dragons
  2 water moccasins
  16 orc warriors
  A black bear (D:5)
  4 ice beasts
  A necrophage (D:7)
  10 centaurs
  3 kobold brigands
  Blork the orc (D:4)
  2 bullfrogs (D:8)
  A gnoll sergeant (D:6)
  A cane toad simulacrum (IceCv)
  A scorpion (D:4)
  2 water moccasin skeletons
  14 killer bees
  2 elephant simulacra (IceCv)
  13 wights
  3 howler monkeys (D:10)
  A bullfrog zombie (D:7)
  2 lava snakes (D:10)
  3 centaur zombies
  2 hounds (D:4)
  A jelly (D:6)
  4 orc priests
  Crazy Yiuf (D:2)
  A centaur skeleton (D:5)
  A gnoll shaman (D:9)
  Jessica (D:3)
  An orc wizard (D:10)
  A polar bear simulacrum (IceCv)
  A killer bee zombie (D:8)
  3 howler monkey zombies
  15 gnolls
  5 adders
  A white imp (D:6)
  3 ufetubi
  6 dart slugs
  40 orcs
  7 ball pythons
  4 bats (D:1)
  7 endoplasms
  6 giant cockroaches
  6 hobgoblins
  3 jackals (D:3)
  20 kobolds
  5 quokkas
  3 frilled lizards
  8 goblins
  5 rats
275 creatures vanquished.

Vanquished Creatures (others)
  3 fungi (D:2)
3 creatures vanquished.

Grand Total: 278 creatures vanquished

Notes
Turn   | Place    | Note
-------+----------+-------------------------------------------
     0 | D:1      | Dirian the Minotaur Fighter began the quest for the Orb.
     0 | D:1      | Reached XP level 1. HP: 19/19 MP: 0/0
    68 | D:1      | Reached XP level 2. HP: 27/27 MP: 1/1
   300 | D:1      | Found a faded altar of an unknown god.
   403 | D:1      | Reached XP level 3. HP: 27/33 MP: 2/2
   882 | D:1      | Prayed at the altar of an unknown god.
   882 | D:1      | Became a worshipper of Uskayaw the Reveller
   882 | D:1      | Reached * piety under Uskayaw
  1011 | D:2      | Reached ** piety under Uskayaw
  1298 | D:2      | Found a runed translucent door.
  1299 | D:2      | Noticed Crazy Yiuf
  1475 | D:2      | Killed Crazy Yiuf
  1476 | D:2      | Reached XP level 4. HP: 40/40 MP: 3/3
  1708 | D:3      | Noticed Jessica
  1715 | D:3      | Killed Jessica
  1918 | D:3      | Found an ancient bone altar of Kikubaaqudgha.
  1998 | D:3      | Reached XP level 5. HP: 47/47 MP: 4/4
  2756 | D:4      | Found a staircase to the Ecumenical Temple.
  2921 | D:4      | Found Byunua Cole's Assorted Antiques.
  2996 | D:4      | Reached skill level 5 in Long Blades
  3164 | D:4      | Noticed Blork the orc
  3172 | D:4      | Killed Blork the orc
  3173 | D:4      | Reached skill level 5 in Fighting
  3173 | D:4      | Reached XP level 6. HP: 49/56 MP: 5/5
  3233 | D:4      | Reached skill level 5 in Armour
  3233 | D:4      | Reached skill level 5 in Shields
  3256 | D:4      | Found a sacrificial altar of Ru.
  3421 | D:4      | Identified a scroll of acquirement
  3421 | D:4      | Acquired 1026 gold pieces
  3464 | D:5      | Entered Level 5 of the Dungeon
  3468 | D:5      | Found a blossoming altar of Fedhas.
  3676 | D:5      | Reached *** piety under Uskayaw
  3756 | D:5      | Reached XP level 7. HP: 48/62 MP: 6/6
  4005 | D:5      | Found Vykonn's Gadget Gallery.
  4623 | D:6      | Reached **** piety under Uskayaw
  4629 | D:6      | Reached skill level 1 in Dodging
  4631 | D:6      | Reached ***** piety under Uskayaw
  4828 | D:6      | Reached XP level 8. HP: 60/71 MP: 7/7
  5226 | D:6      | Found a radiant altar of Vehumet.
  5508 | D:7      | Found a white marble altar of Elyvilon.
  5573 | D:7      | Identified the +5 short sword of Fate {vorpal, Drain Dex+9}
  5806 | D:7      | Reached skill level 10 in Long Blades
  5888 | D:7      | Reached XP level 9. HP: 66/81 MP: 8/8
  6000 | D:7      | Identified the +1 robe of Dithmenos's Regard {-Tele rElec
                  | rCorr SInv}
  6374 | D:8      | Reached skill level 5 in Dodging
  6668 | D:9      | Noticed a cyclops
  6675 | D:9      | Killed a cyclops
  6818 | D:9      | Found a snail-covered altar of Cheibriados.
  6909 | D:9      | Noticed Erica
  6915 | D:9      | Killed Erica
  6916 | D:9      | Reached skill level 10 in Fighting
  7009 | D:9      | Noticed Erolcha
  7024 | D:9      | Killed Erolcha
  7025 | D:9      | Reached XP level 10. HP: 37/96 MP: 9/9
  7312 | D:9      | Noticed a two-headed ogre
  7319 | D:9      | Killed a two-headed ogre
  7645 | D:9      | Found a staircase to the Lair.
  7783 | D:9      | Reached skill level 1 in Invocations
  7791 | D:9      | Noticed Joseph
  7800 | D:9      | Killed Joseph
  7890 | D:10     | Entered Level 10 of the Dungeon
  7938 | D:10     | Found a flagged portal.
  8004 | Bailey   | Entered a bailey
  8361 | Bailey   | Reached XP level 11. HP: 105/105 MP: 13/13
  8896 | Bailey   | Reached XP level 12. HP: 113/113 MP: 14/14
  9162 | D:10     | Found Reril's Serpentskin Sales.
  9290 | D:10     | Reached skill level 5 in Invocations
  9308 | D:10     | Noticed Maggie
  9314 | D:10     | Killed Maggie
  9772 | D:11     | Found a frozen archway.
 10000 | IceCv    | Entered an ice cave
 10837 | IceCv    | Identified the +5 chain mail of Magic {-Tele rPois Str+10
                  | Dex-4}
 10963 | D:11     | Noticed a boulder beetle
 10996 | D:11     | Noticed a two-headed ogre
 11009 | D:11     | Killed a two-headed ogre
 11038 | D:11     | Found Watabb's Armour Shop.
 11051 | D:11     | HP: 4/116 [boulder beetle (7)]
 11068 | D:12     | Slain by a vampire mosquito

Illustrated notes

Levels and vault maps discovered:
D:1:      wander_arrival_fairy_ring, layout_loops_ring,
          hellmonk_ecumenical_altar_prayer_group
D:2:      layout_rooms, uniq_crazy_yiuf_cottage
D:3:      layout_basic, amcnicky_altar_gilded, chequers_serial_rivers_room_a,
          kennysheep_donut, uniq_jessica
D:4:      layout_gridville, lemuel_crystal_altar, minmay_temple_entry_junction,
          serial_shops, kennysheep_little_box, uniq_blork_the_orc
D:5:      layout_basic, fedhas_ov_isle_minmay, nicolae_shop_gadgets
D:6:      layout_loops_cross, old_standard_altar
D:7:      layout_loops_ring, general_overflow_altar
D:8:      layout_rooms
D:9:      layout_gridville, overflow_temple_1_default, lair_entry_dummy,
          uniq_erica, uniq_joseph, uniq_erolcha
D:10:     layout_loops_ring, enter_bailey_2, kennysheep_doodads,
          minmay_misc_feat_ornament, guppyfry_shop_venom, uniq_maggie
D:11:     layout_roguey, serial_shops, nicolae_shop_statue_plus,
          portal_ice_cave_rime, chequers_serial_rivers_small_3
D:12:     cheibrodos_lost_city_excavation, layout_cross, orc_0_dummy,
          eino_tiny_chamber

Skill      XL: |  1  2  3  4  5  6  7  8  9 10 11 12 |
---------------+-------------------------------------+-----
Long Blades    | 3 4 5 6 8 10 12 13 | 13.1
Fighting       | 4 5 6 7 11 12 13 | 13.9
Armour         | 4 5 6 7 |  7.5
Shields        | 4 5 6 7 |  7.5
Dodging        | 2 4 5 |  5.0
Invocations    | 4 6 |  6.6
Evocations     | 8 |  8.0

Action                   |  1- 3 |  4- 6 |  7- 9 | 10-12 || total
-------------------------+-------+-------+-------+-------++-------
Melee: Long sword        |    74 |   104 |   172 |       ||   350
       Headbutt          |     7 |    15 |    34 |    90 ||   146
       Scimitar          |       |       |     8 |   307 ||   315
Invok: Grand Finale      |       |       |       |     1 ||     1
  Use: Scroll            |       |     7 |    11 |     7 ||    25
       Potion            |       |       |     1 |     6 ||     7
 Stab: Paralysed         |       |     1 |    10 |    24 ||    35
       Invisible         |       |       |       |     5 ||     5
Armor: Scale mail        |    27 |    52 |       |       ||    79
       Chain mail        |       |    11 |    74 |    87 ||   172
Dodge: Dodged            |    32 |    52 |    84 |   248 ||   416
Block: Buckler           |    18 |    21 |    38 |    66 ||   143
